 Dungeon Crawl Stone Soup version 0.31.0-32-g396128a36d (webtiles) character file.

Game seed: 3180180009430672667

4900 PullMyFinger the Fighter (level 10, 0/75 HPs)
             Began as an Octopode Shapeshifter on Apr 13, 2024.
             Was an Initiate of Gozag.
             Killed from afar by an orc (13 damage)
             ... with a bolt of dispelling energy
             ... on level 9 of the Dungeon.
             The game lasted 00:12:34 (9954 turns).

PullMyFinger the Fighter (Octopode Shapeshifter)    Turns: 9954, Time: 00:12:34

Health: 0/75       AC:  1    Str: 14    XL:     10   Next: 51%
Magic:  10/10      EV: 19    Int: 16    God:    Gozag
Gold:   1043       SH:  0    Dex: 18    Spells: 9/9 levels left

rFire   . .          .
                       - Unarmed
rCold   . . .        (shield currently unavailable)
rNeg    . . .        (helmet restricted)
rPois   .            (no amulet)
rElec   .            d - +6 ring of dexterity
rCorr   +            R - ring of resist corrosion
SInv    .            (no ring)
Will    .....        (no ring)
Stlth   +            (no ring)
HPRegen 0.32/turn    (no ring)
MPRegen 0.12/turn    (no ring)
                     (no ring)

%: no passive effects
@: flux-form, gold aura, glowing
A: glow, contaminating, almost no armour, amphibious, 8 rings, camouflage 1,
gelatinous body 1, (nimble swimmer 1), tentacles
a: Begin Untransformation, Renounce Religion, Potion Petition, Call Merchant,
Bribe Branch


You were on level 9 of the Dungeon.
You worshipped Gozag.
Gozag was most pleased with you.
You were something dangerously unstable.
You visited 2 branches of the dungeon, and saw 10 of its levels.
You also visited: Ossuary.

You collected 1110 gold pieces.
You paid 67 gold pieces to Gozag.


Innate Abilities, Weirdness & Mutations

You are something dangerously unstable.
You glow with magical radiation, making you easy to see and hit.
Foes you strike become dangerously contaminated with magical radiation.
You are incapable of wielding weapons or throwing items.
You cannot wear most types of armour.
You are amphibious.
You can wear up to eight rings at the same time.
Your skin changes colour to match your surroundings (Stealth+).
Your rubbery body absorbs attacks. (AC +1, EV +1)
((You are camouflaged when in or above water. (Stealth+)))
You have tentacles for arms and can constrict up to eight enemies at once.


   Skills:
 + Level 9.7 Fighting
 - Level 5.0 Dodging
 - Level 8.0 Unarmed Combat
 - Level 8.0 Shapeshifting


You had 9 spell levels left.
You didn't know any spells.
Your spell library contained the following spells:

 Spells                   Type           Power      Damage    Failure   Level
 Sting                    Conj/Alch      0%         1d3       26%         1
 Summon Small Mammal      Summ           0%         N/A       26%         1
 Blink                    Tloc           0%         N/A       36%         2
 Jinxbite                 Hex            0%         N/A       36%         2
 Lesser Beckoning         Tloc           0%         N/A       36%         2
 Mercury Vapours          Alch/Air       0%         N/A       36%         2
 Momentum Strike          Conj/Tloc      0%         3d8       36%         2
 Call Canine Familiar     Summ           0%         N/A       58%         3
 Olgreb's Toxic Radiance  Alch           0%         N/A       94%         4
 Summon Blazeheart Golem  Fire/Summ      0%         N/A       94%         4
 Yara's Violent Unravell  Hex/Alch       0%         3d3       100%        5
 Enfeeble                 Hex            0%         N/A       100%        7

Inventory:

Missiles
 o - 3 poisoned darts (quivered)
 D - 2 throwing nets {=f}
Armour
 B - a +0 buckler
Jewellery
 c - a ring of ice
 d - a +6 ring of dexterity (left tentacle)
 C - a ring of ice
 F - a ring of fire
 R - a ring of resist corrosion (right tentacle)
Talismans
 b - a beast talisman
 r - a flux talisman (active)
Wands
 p - a wand of flame (17)
 u - a wand of roots (2)
Scrolls
 a - a scroll of fear {unknown}
 e - a scroll of amnesia {unknown}
 f - 2 scrolls of identify {@r1}
 g - a scroll of revelation {unknown}
 i - 2 scrolls of immolation {unknown}
 k - a scroll of enchant armour {unknown}
 q - 2 scrolls of teleportation {unknown}
 s - 2 scrolls of poison {unknown}
 v - 2 scrolls of blinking {unknown}
 x - a scroll of noise {unknown}
 y - a scroll of enchant weapon {unknown}
 G - 2 scrolls of fog {unknown}
Potions
 h - 4 potions of haste {@q3}
 l - a potion of heal wounds {@q2}
 m - a potion of might
 n - 3 potions of degeneration
 t - a potion of brilliance
 w - 2 potions of invisibility
 z - a potion of lignification
 A - a potion of attraction
 E - a potion of enlightenment

Dungeon Overview and Level Annotations

Branches:
Dungeon (9/15)             Temple (1/1) D:4         Ossuary (visited)
   Lair: D:8-11         Orc: D:9-12

Altars:
Ashenzari
Cheibriados
Dithmenos
Elyvilon
Fedhas
Gozag
Hepliaklqana
Kikubaaqudgha
Makhleb
Nemelex Xobeh
Okawaru
Qazlal
Ru
Sif Muna
Trog
Uskayaw
Vehumet
Wu Jian
Xom
Yredelemnul
Zin
The Shining One

Shops:
D:7 [

Annotations:
D:3 2 transporters
D:6 1 runed translucent door, Silvore's ghost, novice MiFi
D:7 exclusion: 2 killer bees

....#..░.░░
░░.░.....#
....+..░.......░)#
.....#.░.░...░.░)#
'###...░.░.⚑.░.░)#
.# ##..░.░...░.░)#
.# ##.░... ...░.##
## #.░.░░░░░.░..#
## #............#
... ###
####.####.#p.#
.... ...
#.c......###.....
...
..........#$'.....
... ####......oh#
... #......### ...
###.#### #+# #.#
#.


You could see a centaur and an orc.


Message History

You constrict the orc.
The orc struggles to escape constriction.
A centaur comes into view.
The centaur shouts!
You tentacle-slap the orc.
The orc glows dangerously bright.
You squeeze the orc.
You kill the orc!
The centaur wields a +0 shortbow.
The centaur shoots an arrow.
The arrow hits you!
* * * LOW HITPOINT WARNING * * *
You feel much better.
The howler monkey is no longer distracted by gold.
The centaur shoots an arrow.
The arrow barely misses you. The orc hits you with a +0 club.
* * * LOW HITPOINT WARNING * * *
The howler monkey hoots and howls with incredible vigour!
The centaur shoots an arrow.
The arrow hits you!
* * * LOW HITPOINT WARNING * * *
Okay, then.
The orc closely misses you.
The centaur shoots an arrow.
The arrow closely misses you.
Unknown command.
The orc zaps a wand.
The bolt of dispelling energy misses you.
The centaur shoots an arrow.
The arrow closely misses you.
Unknown command.
The orc zaps a wand.
The bolt of dispelling energy hits you!
You die...
Your body crumbles into a pile of gold.

Skill      XL: |  1  2  3  4  5  6  7  8  9 10 |
---------------+-------------------------------+-----
Fighting       | 2 3 5 6 8 9 |  9.7
Shapeshifting  | 4 6 7 8 |  8.0
Unarmed Combat | 4 7 8 |  8.0
Dodging        | 5 |  5.0

Action                     |  1- 3 |  4- 6 |  7- 9 | 10-12 || total
---------------------------+-------+-------+-------+-------++-------
  Melee: Unarmed           |    53 |   125 |   324 |    92 ||   594
         Constrict         |     8 |    32 |    78 |    21 ||   139
         Tentacles         |     5 |    26 |   106 |    28 ||   165
         Punch             |       |     7 |     8 |     1 ||    16
    Use: Potion            |     1 |     1 |     1 |     5 ||     8
         Scroll            |       |       |     9 |       ||     9
   Stab: Sleeping          |     4 |     3 |     4 |       ||    11
         Distracted        |       |       |     1 |       ||     1
 Armour: Skin              |    23 |    56 |   119 |    57 ||   255
  Dodge: Dodged            |    32 |    71 |   169 |    46 ||   318
   Form: Flux              |       |       |     1 |       ||     1

Levels and vault maps discovered:
D:1:      roderic_octagonal_star, layout_rooms
D:2:      layout_rooms, hellmonk_ecumenical_altar_run_dry, hangedman_glass_teeth
D:3:      gammafunk_steamed_eel, layout_loops_ring, corner_web_ring,
          minmay_crystal_room, minmay_misc_feat_four_crosses, uniq_terence
D:4:      layout_basic, temple_green
D:5:      layout_rooms, nicolae_ossuary_entry_monument
D:6:      layout_basic, gammafunk_temple_overflow_wave,
          nicolae_vehumet_radiance, gammafunk_ghost_grave, serial_corexii_hall,
          corexii_hall_statues_deadend, corexii_hall_statues_deadend
D:7:      layout_loops_corners, serial_shops, shop, uniq_maggie
D:8:      layout_loops_ring, uniq_erica, uniq_prince_ribbit1
D:9:      layout_roguey, mainiacjoe_overflow_cross_hatched, uniq_harold
Temple:   dpeg_five_rooms_temple

Notes
Turn   | Place    | Note
-------+----------+-------------------------------------------
     0 | D:1      | PullMyFinger the Octopode Shapeshifter began the quest for
                  | the Orb.
     0 | D:1      | Reached XP level 1. HP: 13/13 MP: 1/1
   102 | D:1      | Reached skill level 2 in Fighting
   102 | D:1      | Reached XP level 2. HP: 16/19 MP: 2/2
   675 | D:2      | Reached XP level 3. HP: 25/25 MP: 3/3
   844 | D:2      | Reached skill level 3 in Fighting
   848 | D:2      | Reached XP level 4. HP: 7/31 MP: 4/4
  1079 | D:2      | Reached skill level 4 in Shapeshifting
  1321 | D:2      | Found a faded altar of an unknown god.
  1549 | D:3      | Found a transporter.
  1559 | D:3      | You fall into a shaft and drop 2 floors!
  1559 | D:5      | Entered Level 5 of the Dungeon
  1610 | D:5      | Reached XP level 5. HP: 18/37 MP: 5/5
  1738 | D:5      | Noticed an ogre
  1759 | D:5      | Killed an ogre
  1760 | D:5      | Reached skill level 4 in Fighting
  1833 | D:5      | Found a sand-covered staircase.
  1842 | Ossuary  | Entered an ossuary
  1914 | Ossuary  | Reached skill level 5 in Fighting
  1914 | Ossuary  | Reached XP level 6. HP: 29/45 MP: 6/6
  2482 | Ossuary  | Reached skill level 4 in Unarmed Combat
  2576 | Ossuary  | Reached XP level 7. HP: 49/50 MP: 7/7
  2767 | Ossuary  | Reached skill level 5 in Shapeshifting
  3180 | D:3      | Found a transporter.
  3224 | D:3      | Noticed Terence
  3250 | D:3      | Killed Terence
  3251 | D:3      | Reached skill level 6 in Shapeshifting
  3776 | D:4      | Found a staircase to the Ecumenical Temple.
  3789 | Temple   | Entered the Ecumenical Temple
  3949 | Temple   | Became a worshipper of Gozag Ym Sagoz the Greedy
  4600 | D:5      | Reached XP level 8. HP: 10/55 MP: 8/8
  4956 | D:6      | Reached skill level 7 in Shapeshifting
  5215 | D:6      | Reached skill level 5 in Unarmed Combat
  5316 | D:6      | Found a hazy altar of Hepliaklqana.
  5316 | D:6      | Found a bloodstained altar of Trog.
  5701 | D:6      | Found a runed translucent door.
  5701 | D:6      | Noticed Silvore's ghost (novice MiFi)
  5754 | D:6      | Noticed a yak
  5756 | D:6      | Noticed a yak
  5779 | D:6      | Killed a yak
  5780 | D:6      | Reached skill level 6 in Fighting
  5780 | D:6      | Reached skill level 6 in Unarmed Combat
  5932 | D:6      | Noticed a yak
  5933 | D:6      | Found a radiant altar of Vehumet.
  5933 | D:6      | Noticed a yak
  5953 | D:6      | Killed a yak
  5970 | D:6      | Killed a yak
  5971 | D:6      | Reached skill level 7 in Unarmed Combat
  5971 | D:6      | Reached XP level 9. HP: 40/63 MP: 9/9
  6182 | D:6      | Reached skill level 7 in Fighting
  6556 | D:7      | Noticed Maggie
  6570 | D:7      | Killed Maggie
  6571 | D:7      | Reached skill level 8 in Fighting
  6901 | D:7      | HP: 4/66 [gnoll bouda/+0 club (11)]
  6908 | D:7      | Reached skill level 8 in Unarmed Combat
  7542 | D:7      | Found Sesinij's Armour Shoppe.
  8058 | D:7      | Reached skill level 8 in Shapeshifting
  8476 | D:8      | Reached XP level 10. HP: 53/72 MP: 10/10
  8628 | D:8      | Reached skill level 3 in Dodging
  8670 | D:8      | HP: 5/73 [poisoned by a killer bee]
  9366 | D:8      | Noticed Prince Ribbit
  9372 | D:8      | Killed Prince Ribbit
  9373 | D:8      | Reached skill level 4 in Dodging
  9586 | D:8      | Noticed Erica
  9599 | D:8      | Killed Erica
  9600 | D:8      | Reached skill level 9 in Fighting
  9600 | D:8      | Reached skill level 5 in Dodging
  9800 | D:9      | Found an ancient bone altar of Kikubaaqudgha.
  9950 | D:9      | HP: 5/75 [centaur/arrow (16)]
  9954 | D:9      | Killed from afar by an orc

Vanquished Creatures
  Erica (D:8)
  Maggie (D:7)
  Prince Ribbit (D:8)
  6 yaks (D:6)
  A water moccasin (D:7)
  2 acid dragons
  An ice beast (D:7)
  2 black bears
  2 ogres
  A centaur (D:7)
  A bullfrog (D:6)
  An elf zombie (Ossuary)
  2 scorpions (D:6)
  5 wights (D:8)
  6 killer bees (D:8)
  5 howler monkeys
  2 centaur zombies (Ossuary)
  A jelly (D:6)
  2 human zombies (Ossuary)
  4 orc priests
  2 sleepcaps
  A gnoll bouda (D:7)
  2 hounds
  Terence (D:3)
  2 iguanas
  12 orc wizards
  5 hound zombies (Ossuary)
  2 mummies (Ossuary)
  6 adders
  8 gnolls
  A shadow imp (D:6)
  3 white imps
  8 adder zombies (Ossuary)
  A dart slug (D:3)
  39 orcs
  11 endoplasms
  A giant cockroach (D:3)
  4 gnoll zombies (Ossuary)
  6 hobgoblins
  4 jackals (D:4)
  4 quokkas
  7 ball pythons
  4 bats
  2 frilled lizards (D:1)
  6 goblins
  4 jackal zombies (Ossuary)
  6 kobolds
  5 kobold zombies (Ossuary)
  5 orc zombies (Ossuary)
  8 rats
217 creatures vanquished.

Table legend: (Time is in decaauts)
 A = Elapsed time spent in this place.
 B = Non-inter-level travel time spent in this place.
 C = Inter-level travel time spent in this place.
 D = Time resting spent in this place.
 E = Time spent auto-exploring this place.
 F = Levels seen in this place.
 G = Mean time per level.
                   A        B        C        D        E       F      G
               +--------+--------+--------+--------+--------+-----+--------+
         Total |   9896 |   9403 |    493 |   2804 |   5090 |  11 |  899.6 |
       Dungeon |   8666 |   8383 |    283 |   2191 |   4875 |   9 |  962.9 |
        Temple |    211 |      1 |    210 |      0 |      0 |   1 |  211.0 |
       Ossuary |   1018 |   1018 |      0 |    613 |    215 |   1 | 1018.0 |
               +--------+--------+--------+--------+--------+-----+--------+

Top non-repeatable levels by time:
     D:7: 1909 daAuts
     D:6: 1520 daAuts
     D:8: 1373 daAuts
 Ossuary: 1018 daAuts
     D:1: 945 daAuts
     D:3: 835 daAuts
     D:4: 688 daAuts
     D:5: 667 daAuts
     D:2: 542 daAuts
  Temple: 211 daAuts
     D:9: 183 daAuts

Table legend:
 A = Non-vault XP
 B = Vault XP
 C = Vault XP percentage of total XP
 D = Non-vault monster count
 E = Vault monster count
 F = Vault count percentage of total count
                 A         B        C        D         E       F
            +---------+---------+-------+---------+---------+-------
      Total |    5006 |    1994 |  28.5 |     175 |      42 |  19.4
            +---------+---------+-------+---------+---------+-------
        D:1 |      31 |       0 |   0.0 |      23 |       0 |   0.0
        D:2 |     106 |       0 |   0.0 |      21 |       0 |   0.0
        D:3 |     167 |      38 |  18.5 |      19 |       1 |   5.0
        D:4 |     206 |       0 |   0.0 |      24 |       0 |   0.0
        D:5 |     246 |       0 |   0.0 |       8 |       0 |   0.0
        D:6 |    1850 |       0 |   0.0 |      19 |       0 |   0.0
        D:7 |     935 |     379 |  28.8 |      31 |       1 |   3.1
        D:8 |    1027 |    1116 |  52.1 |      19 |       2 |   9.5
        D:9 |     438 |       0 |   0.0 |      11 |       0 |   0.0
    Ossuary |       0 |     461 | 100.0 |       0 |      38 | 100.0
            +---------+---------+-------+---------+---------+-------
